Map: [ESL] Solaris

Players

DRG

  • Race: Zerg Zerg
  • Spawn Location: 7:00

SHIN - Winner!

  • Race: Zerg Zerg
  • Spawn Location: 1:00

Event: ESL SC2 Masters 2023 Winter (Finals)

VOD

Have the link to the VOD?

Description

Time

  • Played on: Dec. 15, 2023, 12:05 p.m.
  • Length: 8:02

All games in this series

Show
View Real Time Build Order
Export as new Build Order

DRG Zerg 

Build Orders: Hatch First 

Get SALT Encoding   

  12  0:00  Drone  
  13  0:12  Overlord  
  13  0:16  Drone  
  14  0:30  Drone x2  
  16  0:47  Hatchery  
  15  0:50  Drone  
  15  0:55  Drone  
  17  0:57  Drone  
  18  1:09  Extractor  
  17  1:12  Spawning Pool  
  17  1:15  Drone  
  18  1:18  Drone  
  18  1:27  Drone  
  19  1:38  Drone  
  20  1:49  Drone  
  21  1:59  Queen x2  
  21  2:00  Overlord  
  25  2:01  Drone  
  26  2:10  Drone x2  
  26  2:11  Metabolic Boost  
  28  2:21  Zergling x4  
  30  2:31  Drone x2  
  32  2:40  Hatchery  
  32  2:42  Overlord  
  31  2:46  Drone  
  32  2:52  Overlord  
  32  3:02  Drone  
  32  3:04  Drone x2  
  35  3:10  Drone  
  35  3:12  Drone x5  
  40  3:14  Evolution Chamber  
  40  3:18  Queen  
  41  3:23  Overlord  
  41  3:27  Overlord  
  41  3:40  Zerg Missile Weapons Level 1  
  41  3:42  Zergling x2  
  41  3:43  Zergling x4  
  41  3:44  Overlord  
  44  3:50  Zergling x10  
  44  3:51  Zergling x2  
  44  3:55  Zergling x2  
  50  4:01  Zergling x4, Roach Warren  
  50  4:02  Zergling x2  
  52  4:09  Zergling x2  
  54  4:10  Zergling x4  
  54  4:13  Zergling x4  
  54  4:14  Zergling x2  
  54  4:16  Zergling x2  
  59  4:20  Zergling x2  
  59  4:21  Zergling x2  
  59  4:23  Overlord  
  61  4:30  Extractor, Overlord  
  60  4:31  Drone  
  60  4:35  Drone x2  
  63  4:39  Drone  
  68  4:45  Roach x2  
  68  4:51  Roach  
  69  4:56  Roach x4  
  77  5:03  Roach x2  
  77  5:04  Overlord  
  77  5:06  Overlord  
  80  5:08  Overlord  
  80  5:13  Overlord  
  80  5:20  Overlord  
  80  5:24  Roach x3  
  86  5:31  Roach x3  
  91  5:36  Roach x2  
  91  5:41  Drone x3  
  96  5:46  Drone x3  
  99  5:50  Extractor  
  99  5:52  Lair  
  98  5:59  Drone  
  98  6:01  Zerg Ground Armor Level 1  
  99  6:04  Drone  
  99  6:07  Drone x3  
  99  6:10  Drone x2  
  105  6:17  Overlord  
  105  6:22  Drone x3  
  105  6:23  Overlord  
  108  6:28  Roach x3  
  108  6:30  Overlord  
  113  6:34  Roach  
  113  6:38  Drone x4  
  117  6:43  Drone x3  
  120  6:47  Extractor  
  119  6:54  Drone x6  
  119  6:56  Extractor x2  
  123  7:01  Spire  
  123  7:02  Overseer  
  123  7:05  Roach  
  123  7:07  Overlord  
  123  7:11  Roach x2  
  127  7:17  Drone x7  
  127  7:22  Roach x2  
  138  7:28  Roach x3  
  142  7:30  Overlord  
  142  7:31  Ravager  
  142  7:34  Roach  
  145  7:39  Roach x3  
  145  7:41  Roach  
  145  7:42  Roach  
Show
View Real Time Build Order
Export as new Build Order

SHIN Zerg - Winner!

Build Orders: Hatch First 

Get SALT Encoding   

  12  0:00  Drone  
  13  0:08  Drone  
  14  0:14  Extractor  
  14  0:15  Drone  
  15  0:36  Hatchery  
  15  0:40  Extractor  
  15  0:41  Drone  
  15  0:47  Overlord  
  15  1:02  Spawning Pool  
  14  1:06  Drone  
  14  1:09  Drone  
  16  1:12  Drone  
  16  1:17  Drone  
  18  1:27  Extractor  
  18  1:28  Drone  
  18  1:38  Drone  
  19  1:48  Queen x2  
  19  1:49  Drone  
  19  1:50  Drone  
  25  1:59  Overlord  
  25  2:00  Drone  
  26  2:09  Drone  
  26  2:10  Drone  
  28  2:20  Drone  
  28  2:21  Drone  
  30  2:24  Queen  
  30  2:27  Queen  
  34  2:33  Metabolic Boost  
  34  2:38  Overlord  
  34  2:41  Drone  
  34  2:43  Drone  
  36  2:53  Evolution Chamber  
  36  2:56  Drone  
  36  2:57  Drone x4  
  40  3:04  Roach Warren  
  39  3:07  Overlord  
  39  3:20  Zergling x10  
  39  3:23  Zerg Missile Weapons Level 1  
  39  3:26  Zergling x2  
  45  3:32  Overlord  
  46  3:34  Zergling x8  
  46  3:37  Zergling x2  
  46  3:38  Zergling x2  
  46  3:39  Zergling x2  
  52  3:47  Overlord  
  52  3:51  Zergling x2  
  53  3:56  Zergling x4  
  55  4:03  Extractor, Hatchery  
  55  4:05  Drone x2  
  55  4:06  Drone  
  56  4:10  Zergling x4  
  56  4:15  Zergling x4  
  60  4:20  Zergling x4  
  60  4:22  Overlord  
  62  4:31  Zergling x2  
  62  4:33  Overlord  
  61  4:41  Drone x3  
  61  4:42  Drone x3  
  66  4:46  Lair  
  66  4:49  Drone  
  66  4:51  Drone  
  68  4:54  Extractor  
  68  4:59  Drone  
  68  5:00  Roach  
  68  5:06  Roach  
  68  5:07  Roach x2  
  75  5:10  Roach x2  
  75  5:13  Overlord  
  79  5:17  Drone  
  79  5:19  Roach x2  
  84  5:24  Zerg Ground Armor Level 1  
  84  5:27  Roach  
  86  5:31  Roach  
  86  5:32  Drone  
  88  5:37  Roach x2  
  88  5:38  Roach  
  93  5:44  Drone  
  93  5:45  Drone x3  
  93  5:47  Glial Reconstitution  
  97  5:53  Roach  
  97  5:55  Overlord  
  98  5:57  Overlord  
  98  5:59  Overlord  
  97  6:04  Overlord  
  97  6:13  Roach x4  
  97  6:16  Overseer  
  97  6:17  Roach  
  97  6:18  Roach  
  108  6:20  Roach  
  108  6:24  Roach  
  108  6:25  Roach  
  114  6:27  Roach  
  114  6:31  Roach  
  117  6:34  Roach  
  117  6:36  Roach  
  117  6:39  Roach, Overlord  
  123  6:43  Zergling x4, Roach  
  123  6:44  Zergling x2  
  128  6:47  Roach  
  128  6:49  Overlord  
  128  6:53  Overlord  
  130  6:54  Overlord  
  130  6:57  Overlord  
  130  7:00  Overlord  
  130  7:05  Overlord  
  130  7:08  Roach x2  
  133  7:10  Roach  
  133  7:12  Roach  
  133  7:14  Zergling x2  
  133  7:15  Zergling x2  
  139  7:17  Zergling x4  
  139  7:21  Zergling x6  
  143  7:25  Zergling x6  
  143  7:29  Ravager x3  
  149  7:30  Zergling x4  
  149  7:35  Zergling x6  
  149  7:36  Zergling x2  
  155  7:40  Zergling x4  
  155  7:41  Zergling x2  
  155  7:43  Zergling x2  
  155  7:44  Zergling x2  
Tags
 
Add a new tag
Caveats
  • Supply blocks, unpowered buildings, or Contaminate may cause inaccurate times.
  • Supply counts are checked every 10 seconds.